Map: Moonlight Madness LE (Void)

Players

SolaCe (Nina) - Winner!

  • Race: Protoss Protoss
  • League: Master

NightEnD

  • Race: Protoss Protoss
  • League: Master

Event: ASL Season 5 Prime League LOTV Beta

VOD

Have the link to the VOD?

Description

Time

  • Played on: Oct. 1, 2015, 11:38 p.m.
  • Length: 6:07

All games in this series

Show
View Real Time Build Order
Export as new Build Order

SolaCe Protoss - Winner!

Build Orders:  

Get SALT Encoding   

  12  0:00  Probe (Chrono Boost)  
  13  0:10  Probe (Chrono Boost)  
  14  0:18  Pylon  
  14  0:22  Probe (Chrono Boost)  
  15  0:36  Probe (Chrono Boost)  
  15  0:37  Gateway  
  16  0:46  Probe (Chrono Boost), Assimilator  
  17  0:53  Assimilator  
  17  0:56  Probe (Chrono Boost)  
  18  1:06  Probe (Chrono Boost)  
  18  1:07  Pylon  
  19  1:16  Probe (Chrono Boost)  
  20  1:26  Cybernetics Core, Probe (Chrono Boost)  
  20  1:32  Pylon  
  21  1:36  Probe (Chrono Boost)  
  22  1:46  Probe (Chrono Boost)  
  23  1:59  Warp Gate (Chrono Boost)  
  23  2:04  Adept, Robotics Facility  
  25  2:14  Pylon  
  27  2:16  Mothership Core  
  27  2:22  Gateway  
  27  2:33  Gateway  
  27  2:49  Immortal (Chrono Boost)  
  31  2:58  Gateway  
  31  3:04  Probe  
  32  3:19  Pylon  
  30  3:22  Immortal (Chrono Boost)  
  34  3:43  Pylon  
  34  3:54  Warp Prism (Chrono Boost)  
  34  3:55  Adept x2  
  38  4:00  Adept  
  42  4:06  Adept  
  44  4:15  Adept  
  46  4:19  Adept  
  48  4:25  Adept  
  50  4:33  Pylon  
  50  4:40  Adept  
  50  4:41  Sentry  
  54  4:51  Sentry x2  
  58  4:57  Pylon  
  58  5:18  Stalker  
  58  5:19  Stalker x2  
  64  5:26  Stalker  
  64  5:42  Stalker x2  
  62  5:58  Adept x2  
Show
View Real Time Build Order
Export as new Build Order

NightEnD Protoss 

Build Orders:  

Get SALT Encoding   

  12  0:00  Probe (Chrono Boost)  
  13  0:10  Probe (Chrono Boost)  
  14  0:18  Pylon  
  14  0:21  Probe (Chrono Boost)  
  15  0:36  Probe (Chrono Boost)  
  15  0:38  Gateway  
  16  0:46  Probe (Chrono Boost)  
  16  0:47  Assimilator  
  17  0:56  Probe (Chrono Boost)  
  18  1:02  Assimilator  
  18  1:05  Probe (Chrono Boost)  
  18  1:06  Pylon  
  19  1:15  Probe (Chrono Boost)  
  20  1:25  Probe (Chrono Boost)  
  20  1:26  Cybernetics Core  
  21  1:35  Probe (Chrono Boost)  
  22  1:45  Probe (Chrono Boost)  
  23  1:55  Probe (Chrono Boost)  
  23  2:00  Pylon  
  24  2:02  Stalker (Chrono Boost)  
  24  2:04  Warp Gate  
  24  2:05  Mothership Core (Chrono Boost)  
  28  2:23  Probe  
  29  2:30  Stalker (Chrono Boost)  
  31  2:38  Nexus  
  31  2:51  Robotics Facility  
  31  2:55  Stalker (Chrono Boost)  
  33  3:00  Probe  
  34  3:13  Probe  
  35  3:25  Probe  
  35  3:26  Pylon  
  36  3:37  Probe, Observer (Chrono Boost)  
  38  3:50  Probe  
  38  3:51  Probe  
  38  3:55  Immortal (Chrono Boost)  
  40  3:59  Pylon  
  40  4:01  Probe  
  40  4:02  Probe  
  45  4:07  Pylon  
  45  4:09  Adept  
  48  4:11  Probe  
  48  4:14  Probe  
  50  4:19  Twilight Council  
  50  4:21  Probe  
  51  4:26  Probe  
  51  4:27  Immortal (Chrono Boost)  
  51  4:31  Probe  
  56  4:33  Adept  
  61  4:51  Gateway  
  59  4:55  Gateway  
  59  4:58  Sentry, Pylon x2  
  61  5:00  Pylon  
  61  5:04  Immortal (Chrono Boost)  
  63  5:13  Pylon  
  63  5:15  Pylon  
  62  5:23  Gateway  
  62  5:24  Gateway  
  62  5:25  Gateway  
  52  5:36  Pylon  
  52  5:40  Pylon  
  52  5:42  Pylon  
  56  5:50  Adept x2  
  56  5:51  Pylon  
  52  5:57  Pylon  
Tags
 
Add a new tag
Caveats
  • Supply blocks, unpowered buildings, or Contaminate may cause inaccurate times.
  • Supply counts are checked every 10 seconds.